 Dungeon Crawl Stone Soup version 0.31-a0-816-gd61d57ddb1 (webtiles) character file.

Game seed: 11659826401812911659

107 dohliylev the Chopper (level 4, -2/41 HPs)
             Began as a Minotaur Berserker on Sept 22, 2023.
             Was a Believer of Trog.
             Slain by an orc
             ... wielding a +0 flail
              (6 damage)
             ... on level 3 of the Dungeon.
             The game lasted 00:03:56 (2262 turns).

dohliylev the Chopper (Minotaur Berserker)          Turns: 2262, Time: 00:03:58

Health: -2/41      AC:  5    Str: 23    XL:     4   Next: 56%
Magic:  3/3        EV: 11    Int:  4    God:    Trog [**....]
Gold:   166        SH:  0    Dex: 10    Spells: 3/3 levels left

rFire   x . .        a - +0 hand axe
rCold   + . .        (no shield)
rNeg    . . .        m - +0 ring mail
rPois   +            (helmet restricted)
rElec   .            (no cloak)
rCorr   .            (no gloves)
SInv    .            (no boots)
Will    .....        (no amulet)
Stlth   +            f - ring of ice
HPRegen 0.26/turn    j - ring of poison resistance
MPRegen 0.08/turn

%: no passive effects
@: no status effects
A: horns 2, retaliatory headbutt
a: Renounce Religion, Berserk, Trog's Hand


You were on level 3 of the Dungeon.
You worshipped Trog.
Trog was pleased with you.
You visited 1 branch of the dungeon, and saw 3 of its levels.

You collected 166 gold pieces.

Inventory:

Hand Weapons
 a - a +0 hand axe (weapon)
Armour
 m - a +0 ring mail (worn)
Jewellery
 f - a ring of ice (left hand)
 j - a ring of poison resistance (right hand)
Scrolls
 b - a scroll of fog {unknown}
 d - 2 scrolls of identify {unknown}
 g - a scroll of vulnerability {unknown}
 i - a scroll of teleportation {unknown}
 k - 3 scrolls of torment {unknown}
 n - a scroll of poison {unknown}
Potions
 c - a potion of heal wounds {unknown}
 e - a potion of resistance {unknown}
 h - 2 potions of curing {unknown}
 l - a potion of invisibility {unknown}


   Skills:
 + Level 4.6 Fighting
 + Level 4.8 Axes
 + Level 2.6 Armour
 + Level 3.3 Dodging
 + Level 0.2 Stealth


You had 3 spell levels left.
You didn't know any spells.
Your spell library was empty.

Dungeon Overview and Level Annotations

Branches:
Dungeon (3/15)

Altars:
The Shining One

Shops:
D:2 :


Innate Abilities, Weirdness & Mutations

You have a pair of horns on your head.
You reflexively headbutt those who attack you in melee.


Message History

The orc priest hits you with a +0 hand axe.
You closely miss the orc. Your headbutt misses the orc. You hit the orc.
You hit the orc priest. The orc hits you but does no damage.
The orc barely misses you.
The orc priest hits you with a +0 hand axe.
You slash the orc!
You kill the orc!
Trog accepts your kill.
You hit the orc priest. You hit the orc but do no damage.
The orc hits you with a +0 flail.
The orc priest hits you with a +0 hand axe.
The orc priest miscasts a cantrip.
The orc attacks as it pursues you! The orc hits you with a +0 flail.
Things that are here:
a +0 short sword; a +0 leather armour; an orc corpse
Found 20 gold pieces.
The orc priest begins to cast a cantrip, but forgets the words!
The orc priest mumbles some strange prayers to Beogh against you.
Beogh smites you! The orc hits you but does no damage.
The orc priest barely misses you. The orc hits you but does no damage.
You hit the orc priest.
You headbutt the orc priest, but do no damage.
The orc priest is heavily wounded.
You closely miss the orc.
The orc priest calls upon Beogh to heal the orc.
The orc's wounds heal themselves!
The orc misses you.
You hit the orc priest but do no damage.
The orc priest is heavily wounded.
You hit the orc.
The orc priest hits you with a +0 hand axe.
The orc hits you with a +0 flail!
* * * LOW HITPOINT WARNING * * *
You hit the orc priest but do no damage.
You headbutt the orc priest, but do no damage.
The orc priest is heavily wounded.
You hit the orc.
The orc priest hits you with a +0 hand axe.
* * * LOW HITPOINT WARNING * * *
The orc hits you with a +0 flail.
You die...

####...## .
#.......# #.......#
.##...)...#
#..........+ .
............# .
.............#######
...
.......###..oo.$...#
... .......#
#..@......# ...
...)...# #.........#
... .... #.........#
... #..)......# ...
#.........+ . #
#.........# #. #
..........# #..#
.$.#$####### #...
#...


You could see an orc priest and an orc.

Vanquished Creatures
  A gnoll (D:1)
  5 adders
  2 dart slugs
  2 orcs (D:3)
  5 ball pythons
  5 endoplasms
  3 giant cockroaches
  5 goblins
  2 hobgoblins (D:1)
  A quokka (D:2)
  3 bats
  6 frilled lizards
  4 kobolds
  5 rats (D:1)
49 creatures vanquished.

Notes
Turn   | Place    | Note
-------+----------+-------------------------------------------
     0 | D:1      | dohliylev the Minotaur Berserker began the quest for the
                  | Orb.
     0 | D:1      | Reached XP level 1. HP: 19/19 MP: 0/0
   230 | D:1      | Reached XP level 2. HP: 24/27 MP: 1/1
   953 | D:1      | Reached XP level 3. HP: 17/33 MP: 2/2
  1304 | D:2      | Reached ** piety under Trog
  1345 | D:2      | Found Toshon's Book Emporium.
  1631 | D:2      | Reached XP level 4. HP: 32/41 MP: 3/3
  1825 | D:2      | Found a faded altar of an unknown god.
  1857 | D:3      | Found a glowing golden altar of the Shining One.
  2262 | D:3      | Slain by an orc

Illustrated notes

Levels and vault maps discovered:
D:1:      dpeg_arrival_stone_temple_mockup, layout_basic
D:2:      layout_loops_ring, dreamdust_ecumenical_altar_angels_and_demons,
          serial_shops, shop
D:3:      layout_basic, mainiacjoe_overflow_cross_hatched

Skill      XL: |  1  2  3 |
---------------+----------+-----
Axes           | 4 |  4.8
Fighting       | 4 |  4.6
Dodging        | 3 |  3.3
Armour         | |  2.6
Stealth        | |  0.2

Action                     |  1- 3 |  4- 6 || total
---------------------------+-------+-------++-------
  Melee: Hand axe          |    85 |    40 ||   125
         Headbutt          |    11 |     7 ||    18
         Punch             |       |     1 ||     1
 Armour: Animal skin       |    44 |    12 ||    56
         Ring mail         |       |    17 ||    17
  Dodge: Dodged            |    38 |    26 ||    64

Table legend: (Time is in decaauts)
 A = Elapsed time spent in this place.
 B = Non-inter-level travel time spent in this place.
 C = Inter-level travel time spent in this place.
 D = Time resting spent in this place.
 E = Time spent auto-exploring this place.
 F = Levels seen in this place.
 G = Mean time per level.
                   A        B        C        D        E       F      G
               +--------+--------+--------+--------+--------+-----+--------+
         Total |   2271 |   2230 |     41 |     22 |   1610 |   3 |  757.0 |
       Dungeon |   2271 |   2230 |     41 |     22 |   1610 |   3 |  757.0 |
               +--------+--------+--------+--------+--------+-----+--------+

Top non-repeatable levels by time:
     D:1: 1098 daAuts
     D:2: 749 daAuts
     D:3: 423 daAuts
